 Dungeon Crawl Stone Soup version 0.29-a0-206-g4a66f2e2b5 (webtiles) character file.

Game seed: 9353845619320136568

104 Inarius the Chopper (level 4, -1/35 HPs)
             Began as a Demonspawn Fighter on Feb 23, 2022.
             Killed from afar by an orc wizard (10 damage)
             ... with a puff of flame
             ... on level 3 of the Dungeon.
             The game lasted 00:03:56 (2696 turns).

Inarius the Chopper (Demonspawn Fighter)            Turns: 2696, Time: 00:03:58

Health: -1/35      AC: 16    Str: 19    XL:     4   Next: 52%
Magic:  4/4        EV:  5    Int:  7    God:
Gold:   72         SH:  4    Dex: 10    Spells: 3/3 levels left

rFire   . . .      SeeInvis .   a - +0 war axe
rCold   . . .      Faith    .   c - +0 buckler
rNeg    . . .      Spirit   .   h - +0 plate armour
rPois   .          Reflect  .   m - +2 helmet
rElec   .          Harm     .   p - +0 cloak
rCorr   .          Rampage  .   (no gloves)
Will    .....      Rage     1%  f - +0 pair of boots
Stlth   ..........              (no amulet)
HPRegen 0.11/turn               (no ring)
MPRegen 0.09/turn               (no ring)

@: on berserk cooldown, slowed, very slow
A: condensation shield, demonic touch 1, berserk 1, clumsy 1, dopey 1
a: no special abilities


You were on level 3 of the Dungeon.
You visited 1 branch of the dungeon, and saw 3 of its levels.

You collected 142 gold pieces.
You spent 70 gold pieces at shops.

Inventory:

Hand Weapons
 a - a +0 war axe (weapon)
Armour
 b - a +0 scale mail
 c - a +0 buckler (worn)
 f - a +0 pair of boots (worn)
 h - a +0 plate armour (worn)
 m - a +2 helmet (worn)
 p - a +0 cloak (worn)
Jewellery
 k - a +6 ring of intelligence
Scrolls
 e - a scroll of summoning {unknown}
 g - 2 scrolls of identify {unknown}
 i - a scroll of vulnerability {unknown}
 j - a scroll of fog {unknown}
 l - a scroll of fear {unknown}
 o - a scroll of enchant weapon {unknown}
 q - a scroll of teleportation {unknown}
 s - a scroll of torment {unknown}
Potions
 d - a potion of might


   Skills:
 + Level 3.3 Fighting
 * Level 3.4 Axes
 + Level 3.2 Armour
 + Level 3.0 Shields


You had 3 spell levels left.
You didn't know any spells.
Your spell library contained the following spells:

 Spells                   Type           Power      Damage    Failure   Level
 Animate Skeleton         Necr           0%         N/A       100%        1
 Corpse Rot               Necr/Air       0%         N/A       100%        2
 Vampiric Draining        Necr           0%         2d6       100%        3
 Agony                    Necr           0%         N/A       100%        5


Dungeon Overview and Level Annotations

Branches:
Dungeon (3/15)

Altars:
Kikubaaqudgha
Uskayaw

Shops:
D:2 ?(:!!


Innate Abilities, Weirdness & Mutations

A meltable shield of frost defends you. (SH +0)
Your touch may inflict minor irresistible damage on your foes.
You tend to lose your temper in combat.
You are clumsy. (Dex -2)
You are dopey. (Int -2)


Message History

No target in view!
No target in view!
No target in view!
You hear some strange, mumbled words.
You are confused.
You completely miss something. Something hits you but does no damage.
A red film seems to cover your vision as you go berserk!
You feel yourself moving faster!
You feel mighty!
You closely miss something. Something hits you but does no damage.
You hear some strange, mumbled words.
A magic dart appears from out of thin air!
The magic dart hits you.
You feel a strong urge to attack something.
Something hits you.
You feel your anger nearly subside.
You hear some strange, mumbled words.
A magic dart appears from out of thin air!
The magic dart hits you!
You feel less confused.
You are no longer berserk.
You are exhausted.
You feel yourself slow down.
You hear some strange, mumbled words.
A magic dart appears from out of thin air!
The magic dart hits you. You block something's attack.
You barely miss something.
Something hits you but does no damage. x2
You slash something!
Something hits you but does no damage. x2
You barely miss something. Something hits you but does no damage.
You hear some strange, mumbled words.
A puff of flame appears from out of thin air!
The puff of flame hits you!
Your condensation shield dissipates!
* * * LOW HITPOINT WARNING * * *
You miss something.
You hear some strange, mumbled words.
Something tries to affect you, but you resist.
You hear some strange, mumbled words.
A puff of flame appears from out of thin air!
The puff of flame hits you!
You die...

#.# #.##.##..## #.#
#.##.##...#
#.####.##.##...#
#.#............#
#########.#.##.##.......
#.........#.##..........
###...........##.###...#..
#........{.......###...##.
.#......@....#..#.....##.
#########.###.####.#.##. #
#....###.# #.#.... #.
#........# #......
#.######....##### #.#....
#...........# #.#.... #.
#...........# .......
.##........o..# ........
..............# .........


There were no monsters in sight!

Vanquished Creatures
  A water moccasin skeleton (D:3)
  An orc wizard (D:3)
  A hound skeleton (D:3)
  2 adders
  4 orcs (D:3)
  6 endoplasms
  4 giant cockroaches
  4 goblins
  5 hobgoblins
  6 jackals
  4 kobolds
  A quokka (D:1)
  6 ball pythons
  2 bats
  2 frilled lizards (D:1)
  A hobgoblin skeleton (D:3)
  An orc skeleton (D:3)
  5 rats
56 creatures vanquished.

Notes
Turn   | Place    | Note
-------+----------+-------------------------------------------
     0 | D:1      | Inarius the Demonspawn Fighter began the quest for the Orb.
     0 | D:1      | Reached XP level 1. HP: 18/18 MP: 1/1
   242 | D:1      | Gained mutation: Your touch may inflict minor irresistible
                  | damage on your foes. [demonic ancestry]
   242 | D:1      | Reached XP level 2. HP: 19/24 MP: 2/2
   911 | D:2      | Found a faded altar of an unknown god.
  1014 | D:2      | Found Raijeop's Distillery.
  1020 | D:2      | Bought a potion of heal wounds for 70 gold pieces
  1086 | D:2      | Reached XP level 3. HP: 24/29 MP: 3/3
  1154 | D:2      | Found Ruklodut's Book Boutique.
  1175 | D:2      | Found Emukyegg's Distillery.
  1253 | D:2      | Found Wunoob's Weapon Emporium.
  1431 | D:2      | Found Pufaumypn's Magic Scroll Shop.
  1773 | D:2      | Found a hide-covered altar of Uskayaw.
  1867 | D:2      | Prayed at the altar of an unknown god.
  1867 | D:2      | Became a worshipper of Kikubaaqudgha
  1867 | D:2      | Reached * piety under Kikubaaqudgha
  1867 | D:2      | Received a gift from Kikubaaqudgha
  1868 | D:2      | Fell from the grace of Kikubaaqudgha
  2164 | D:3      | Gained mutation: A meltable shield of frost defends you.
                  | (SH +0) [demonic ancestry]
  2164 | D:3      | Reached XP level 4. HP: 29/35 MP: 4/4
  2371 | D:3      | Gained mutation: You are dopey. (Int -2) [potion of
                  | mutation]
  2371 | D:3      | Gained mutation: You tend to lose your temper in combat.
                  | [potion of mutation]
  2371 | D:3      | Gained mutation: You are clumsy. (Dex -2) [potion of
                  | mutation]
  2696 | D:3      | Killed from afar by an orc wizard

Illustrated notes

Levels and vault maps discovered:
D:1:      giann_forest_graveyard, layout_basic, minmay_misc_feat_cross,
          minivault_27
D:2:      layout_loops_ring, nicolae_ecumenical_pavilion, serial_shops, shop,
          nicolae_shop_hallway_plus, nicolae_shop_bloodbath_and_beyond,
          nicolae_diamond_shop, shop, basic_altar,
          chequers_serial_rivers_small_b, minmay_misc_feat_pillars
D:3:      layout_basic

Skill      XL: |  1  2  3 |
---------------+----------+-----
Axes           | 2 3 |  3.4
Armour         | 3 |  3.2
Shields        | 3 |  3.0
Fighting       | |  3.3

Action                   |  1- 3 |  4- 6 || total
-------------------------+-------+-------++-------
Melee: War axe           |   122 |    46 ||   168
Invok: Renounce Religion |     1 |       ||     1
  Use: Potion            |     2 |     4 ||     6
 Stab: Invisible         |       |     1 ||     1
Armor: Scale mail        |    20 |       ||    20
       Plate armour      |    50 |    47 ||    97
Dodge: Dodged            |    41 |    14 ||    55
Block: Buckler           |    26 |    16 ||    42

Table legend: (Time is in decaauts)
 A = Elapsed time spent in this place.
 B = Non-inter-level travel time spent in this place.
 C = Inter-level travel time spent in this place.
 D = Time resting spent in this place.
 E = Time spent auto-exploring this place.
 F = Levels seen in this place.
 G = Mean time per level.
                   A        B        C        D        E       F      G
               +--------+--------+--------+--------+--------+-----+--------+
         Total |   2775 |   2709 |     66 |    311 |   1849 |   3 |  925.0 |
       Dungeon |   2775 |   2709 |     66 |    311 |   1849 |   3 |  925.0 |
               +--------+--------+--------+--------+--------+-----+--------+

Top non-repeatable levels by time:
     D:2: 996 daAuts
     D:1: 929 daAuts
     D:3: 849 daAuts
